 Dungeon Crawl Stone Soup version 0.31-a0-157-g0643eb4156 (webtiles) character file.

Game seed: 14204962546199893431

800 qw the Shooter (level 7, 0/66 HPs)
             Began as a Naga Hunter on June 12, 2023.
             Was a Follower of Okawaru.
             Slain by an orc
             ... wielding a +0 short sword
              (4 damage)
             ... on level 5 of the Dungeon.
             The game lasted 00:01:09 (2925 turns).

qw the Shooter (Naga Hunter)                        Turns: 2925, Time: 00:01:10

Health: 0/66       AC:  5    Str: 14    XL:     7   Next: 90%
Magic:  5/7        EV: 10    Int:  9    God:    Okawaru [*.....]
Gold:   208        SH:  0    Dex: 16    Spells: 6/6 levels left

rFire   . . .        Y - +1 shortbow
rCold   . . .        (shield currently unavailable)
rNeg    . . .        c - +0 leather armour
rPois   +            (no helmet)
rElec   .            d - +0 cloak
rCorr   .            i - +0 pair of gloves
SInv    +            (no barding)
Will    .....        (no amulet)
Stlth   ++           (no ring)
HPRegen 0.31/turn    (no ring)
MPRegen 0.10/turn

%: no passive effects
@: lethally poisoned (0 -> -6), short of breath, very slow
A: AC +2, large, see invisible, deformed body, poison resistance, slowness 2,
spit poison 1, naga tail 1
a: Spit Poison, Renounce Religion, Heroism


You were on level 5 of the Dungeon.
You worshipped Okawaru.
Okawaru was aware of your devotion.
You visited 1 branch of the dungeon, and saw 6 of its levels.

You collected 208 gold pieces.


Innate Abilities, Weirdness & Mutations

Your serpentine skin is tough. (AC +2)
You have supernaturally acute eyesight. (SInv)
Armour fits poorly on your strangely shaped body.
Your system is resistant to poisons. (rPois)
You cover ground very slowly.
You can spit poison.
You have a snake-like lower body.


   Skills:
 - Level 4.3 Fighting
 - Level 7.1 Ranged Weapons
 + Level 0.3 Armour
 - Level 3.2 Dodging
 - Level 1.5 Stealth
 + Level 0.5 Invocations


You had 6 spell levels left.
You didn't know any spells.
Your spell library was empty.

Inventory:

Hand Weapons
 Y - a +1 shortbow (weapon)
Armour
 c - a +0 leather armour (worn)
 d - a +0 cloak (worn)
 i - a +0 pair of gloves (worn)
Wands
 j - a wand of digging (8)
Scrolls
 f - a scroll of identify
Potions
 a - a potion of might
 g - a potion of magic
 h - a potion of curing {unknown}

Dungeon Overview and Level Annotations

Branches:
Dungeon (6/15)
 Temple: D:4-7

Altars:
Nemelex Xobeh
Okawaru
Zin

Shops:
D:6 :

Annotations:
D:3 Natasha


Message History

The howler monkey is heavily wounded.
The jelly jiggles.
The orc hits you but does no damage. x2; The quokka closely misses you.
The howler monkey hits you. The hound closely misses you.
You shoot an arrow. The arrow hits the howler monkey.
The howler monkey is severely wounded.
The orc hits you with a +0 hand axe. The hound barely misses you.
The orc barely misses you.
The howler monkey hoots and howls with incredible vigour!
The quokka bites you but does no damage.
You shoot an arrow.
The arrow closely misses the howler monkey.
The arrow hits the jelly.
The jelly is lightly wounded.
You have got your breath back.
The hound barely misses you. The orc hits you with a +0 hand axe.
The orc hits you but does no damage.
The howler monkey hits you but does no damage.
The quokka bites you but does no damage.
The adder barely misses you.
2924 ||| INVOKING Spit Poison.
Aiming: Spit Poison (1% risk of failure)
Press: ? - help, Shift-Dir - straight line, f/p - howler monkey The splash of poison misses the howler monkey.
The splash of poison hits the jelly.
The jelly is heavily wounded.
The hound bites you but does no damage. The howler monkey closely misses you.
The quokka closely misses you. The adder closely misses you.
The orc hits you but does no damage. The orc misses you. The hound bites you.
You shoot an arrow.
The arrow completely misses the howler monkey.
The arrow hits the jelly!
The jelly is almost dead.
You feel like a meek peon again.
The howler monkey hits you but does no damage.
The quokka bites you. The adder bites you.
You are poisoned.
The adder poisons you! The hound bites you but does no damage.
The orc hits you with a +0 hand axe. The orc hits you with a +0 short sword.
You die...

#########
#.......#
#.......#
#.......#
#.......#
#.......###..
#....)o......
#...o@hJ.....
#...Srh.....#
#...........#
#............
#............
#............
#....###.....
#.... .....


You could see a howler monkey, a hound, a jelly, an adder, 2 orcs and a quokka.

Vanquished Creatures
  Prince Ribbit (D:6)
  An ogre (D:4)
  2 centaurs (D:6)
  2 hounds (D:4)
  A jelly (D:4)
  Jessica (D:3)
  An iguana (D:5)
  3 orc wizards
  A gnoll (D:1)
  8 adders
  A shadow imp (D:6)
  A worm (D:2)
  A dart slug (D:1)
  10 orcs
  6 ball pythons
  A bat (D:1)
  6 endoplasms
  2 giant cockroaches
  3 goblins
  4 hobgoblins
  4 jackals (D:1)
  A quokka (D:2)
  2 frilled lizards
  4 kobolds
  7 rats
74 creatures vanquished.

Notes
Turn   | Place    | Note
-------+----------+-------------------------------------------
     0 | D:1      | qw the Naga Hunter began the quest for the Orb.
     0 | D:1      | Reached XP level 1. HP: 19/19 MP: 1/1
     0 | D:1      | 0 ||| qw: Version: 0.2-a-29-gc1b59c4
     0 | D:1      | 0 ||| qw: Game counter: 4145
     0 | D:1      | 0 ||| qw: Always use a shield: true
     0 | D:1      | 0 ||| qw: God list: Okawaru
     0 | D:1      | 0 ||| qw: Allow faded altars: false
     0 | D:1      | 0 ||| qw: Do Orc after D:15 true
     0 | D:1      | 0 ||| qw: Do second Lair branch before Depths: true
     0 | D:1      | 0 ||| qw: Lair rune preference: random
     0 | D:1      | 0 ||| qw: Plans: Normal
     0 | D:1      | 0 ||| PLANNING D:1-11
    13 | D:1      | 13 ||| INVOKING Spit Poison.
    54 | D:1      | 54 ||| INVOKING Spit Poison.
    57 | D:1      | Reached skill level 4 in Ranged Weapons
    57 | D:1      | Reached XP level 2. HP: 26/26 MP: 2/2
    69 | D:1      | 69 ||| INVOKING Spit Poison.
   130 | D:1      | 130 ||| INVOKING Spit Poison.
   155 | D:1      | 155 ||| INVOKING Spit Poison.
   173 | D:1      | 173 ||| INVOKING Spit Poison.
   204 | D:1      | 204 ||| INVOKING Spit Poison.
   265 | D:1      | 265 ||| INVOKING Spit Poison.
   268 | D:1      | 268 ||| INVOKING Spit Poison.
   269 | D:1      | 269 ||| INVOKING Spit Poison.
   271 | D:1      | Reached XP level 3. HP: 30/32 MP: 3/3
   274 | D:1      | 274 ||| FLEEEEING.
   300 | D:1      | 300 ||| INVOKING Spit Poison.
   305 | D:1      | 305 ||| INVOKING Spit Poison.
   515 | D:1      | 515 ||| UPGRADING to +0 pair of gloves.
   520 | D:1      | 520 ||| DROPPING ring of flight.
   521 | D:1      | 521 ||| READING scroll labelled JEN WOULOSTRI.
   522 | D:1      | 522 ||| READING 2 scrolls labelled QOSSUG YJISM.
   527 | D:1      | 527 ||| READING scroll labelled QAOV HOTIGURCHU.
   528 | D:1      | 528 ||| READING scroll labelled BORHASUNOOC.
   529 | D:1      | 529 ||| DROPPING scroll of butterflies.
   544 | D:2      | 544 ||| INVOKING Spit Poison.
   563 | D:2      | 563 ||| INVOKING Spit Poison.
   633 | D:2      | 633 ||| INVOKING Spit Poison.
   670 | D:2      | Found a faded altar of an unknown god.
   694 | D:2      | 694 ||| INVOKING Spit Poison.
   697 | D:2      | 697 ||| INVOKING Spit Poison.
   817 | D:2      | 817 ||| INVOKING Spit Poison.
   841 | D:2      | 841 ||| INVOKING Spit Poison.
   852 | D:2      | 852 ||| INVOKING Spit Poison.
   858 | D:2      | Reached skill level 5 in Ranged Weapons
   858 | D:2      | Reached XP level 4. HP: 28/39 MP: 4/4
   858 | D:2      | 858 ||| INVOKING Spit Poison.
  1015 | D:2      | 1015 ||| READING scroll labelled YPEEZE XIYHAU.
  1016 | D:2      | 1016 ||| DRINKING 2 smoky yellow potions.
  1017 | D:2      | 1017 ||| DROPPING potion of enlightenment.
  1062 | D:3      | 1062 ||| INVOKING Spit Poison.
  1083 | D:3      | 1083 ||| INVOKING Spit Poison.
  1151 | D:3      | Noticed Jessica
  1152 | D:3      | 1152 ||| INVOKING Spit Poison.
  1156 | D:3      | 1156 ||| INVOKING Spit Poison.
  1158 | D:3      | Killed Jessica
  1240 | D:3      | 1240 ||| INVOKING Spit Poison.
  1340 | D:3      | 1340 ||| INVOKING Spit Poison.
  1386 | D:3      | 1386 ||| INVOKING Spit Poison.
  1405 | D:3      | 1405 ||| INVOKING Spit Poison.
  1406 | D:3      | Noticed Natasha
  1410 | D:3      | 1410 ||| INVOKING Spit Poison.
  1411 | D:3      | 1411 ||| Stepping ~*~*~tactically~*~*~ (outnumbered).
  1416 | D:3      | 1416 ||| INVOKING Spit Poison.
  1417 | D:3      | Reached skill level 3 in Fighting
  1421 | D:3      | Reached XP level 5. HP: 21/49 MP: 5/5
  1423 | D:3      | 1423 ||| INVOKING Spit Poison.
  1424 | D:3      | HP: 12/49 [poisoned by an adder]
  1425 | D:3      | 1425 ||| READING 3 scrolls of teleportation.
  1426 | D:3      | HP: 2/49 [orc wizard/magic dart (6)]
  1427 | D:3      | Found a sparkling altar of Nemelex Xobeh.
  1428 | D:3      | 1428 ||| INVOKING Spit Poison.
  1430 | D:3      | 1430 ||| READING 2 scrolls of teleportation.
  1435 | D:3      | 1435 ||| READING scroll of teleportation.
  1436 | D:3      | 1436 ||| INVOKING Spit Poison.
  1615 | D:3      | 1615 ||| INVOKING Spit Poison.
  1618 | D:3      | 1618 ||| INVOKING Spit Poison.
  1718 | D:3      | Found a glowing silver altar of Zin.
  1723 | D:3      | Found an iron altar of Okawaru.
  1724 | D:3      | 1724 ||| PLANNING OKAWARU WORSHIP
  1724 | D:3      | 1724 ||| UPGRADING to +0 cloak.
  1729 | D:3      | 1729 ||| READING scroll labelled BAYTAB ZISSIQO.
  1730 | D:3      | 1730 ||| READING scroll labelled LOAQIYTELEPN.
  1731 | D:3      | 1731 ||| READING 2 scrolls of identify.
  1731 | D:3      | 1731 ||| IDENTIFYING viscous red potion
  1734 | D:3      | Became a worshipper of Warmaster Okawaru
  1734 | D:3      | 1734 ||| PLANNING D:1-11
  1829 | D:4      | Identified the +0 chain mail of Too Many Cooks {*Slow rCorr
                  | Int+4 Dex+6}
  1863 | D:4      | 1863 ||| INVOKING Spit Poison.
  1910 | D:4      | 1910 ||| INVOKING Spit Poison.
  1915 | D:4      | 1915 ||| INVOKING Spit Poison.
  1916 | D:4      | Reached skill level 6 in Ranged Weapons
  1916 | D:4      | Reached XP level 6. HP: 49/56 MP: 6/6
  2003 | D:4      | 2003 ||| INVOKING Spit Poison.
  2084 | D:4      | 2084 ||| INVOKING Spit Poison.
  2118 | D:4      | 2118 ||| INVOKING Spit Poison.
  2210 | D:4      | 2210 ||| INVOKING Spit Poison.
  2211 | D:4      | 2211 ||| INVOKING Spit Poison.
  2216 | D:4      | 2216 ||| INVOKING Spit Poison.
  2230 | D:4      | 2230 ||| INVOKING Spit Poison.
  2363 | D:4      | 2363 ||| INVOKING Spit Poison.
  2382 | D:4      | 2382 ||| INVOKING Spit Poison.
  2543 | D:4      | 2543 ||| READING scroll labelled SOSIPTEPAMM.
  2544 | D:4      | 2544 ||| READING scroll labelled TYOLULL FAEWA.
  2545 | D:4      | 2545 ||| DRINKING 2 golden potions.
  2580 | D:5      | Entered Level 5 of the Dungeon
  2584 | D:5      | 2584 ||| INVOKING Spit Poison.
  2587 | D:5      | 2587 ||| INVOKING Spit Poison.
  2640 | D:5      | You fall into a shaft and drop 1 floor!
  2658 | D:6      | Found Sodeutut's Tiny Tomes.
  2722 | D:6      | 2722 ||| INVOKING Spit Poison.
  2724 | D:6      | Reached XP level 7. HP: 60/66 MP: 7/7
  2730 | D:6      | 2730 ||| INVOKING Spit Poison.
  2736 | D:6      | 2736 ||| INVOKING Spit Poison.
  2751 | D:6      | 2751 ||| READING 2 scrolls of identify.
  2751 | D:6      | 2751 ||| IDENTIFYING viscous pink potion
  2753 | D:6      | 2753 ||| INVOKING Spit Poison.
  2774 | D:6      | 2774 ||| Stepping ~*~*~tactically~*~*~ (outnumbered).
  2775 | D:6      | 2775 ||| INVOKING Spit Poison.
  2779 | D:6      | 2779 ||| INVOKING Spit Poison.
  2783 | D:6      | Reached skill level 7 in Ranged Weapons
  2816 | D:6      | Noticed Prince Ribbit
  2819 | D:6      | 2819 ||| INVOKING Spit Poison.
  2823 | D:6      | 2823 ||| INVOKING Spit Poison.
  2826 | D:6      | 2826 ||| INVOKING Spit Poison.
  2827 | D:6      | Killed Prince Ribbit
  2827 | D:6      | Reached * piety under Okawaru
  2828 | D:6      | Reached skill level 3 in Dodging
  2892 | D:6      | 2892 ||| FLEEEEING.
  2893 | D:6      | 2893 ||| FLEEEEING.
  2894 | D:6      | 2894 ||| FLEEEEING.
  2896 | D:6      | 2896 ||| STAIRDANCE
  2898 | D:5      | 2898 ||| INVOKING Spit Poison.
  2900 | D:5      | 2900 ||| INVOKING Heroism.
  2910 | D:5      | HP: 13/66 [orc wizard/magic dart (5)]
  2910 | D:5      | HP: 3/66 [howler monkey (5)]
  2911 | D:5      | 2911 ||| DRINKING 2 potions of heal wounds.
  2913 | D:5      | 2913 ||| DRINKING potion of heal wounds.
  2914 | D:5      | 2914 ||| INVOKING Heroism.
  2915 | D:5      | 2915 ||| INVOKING Spit Poison.
  2924 | D:5      | 2924 ||| INVOKING Spit Poison.
  2924 | D:5      | HP: 14/66 [hound (4)]
  2925 | D:5      | HP: 4/66 [orc/+0 hand axe (6)]
  2925 | D:5      | Slain by an orc

Levels and vault maps discovered:
D:1:      shiori_shiawase, layout_rooms
D:2:      layout_rooms, chequers_ecumenical_altar_lobes
D:3:      layout_basic, minitemple, uniq_jessica, uniq_natasha
D:4:      layout_loops_ring
D:5:      layout_basic, minmay_temple_entry_large_hall
D:6:      layout_cave_pools, nicolae_kite_square_tiling_tiny,
          nicolae_shop_i_like_small_books_too, uniq_prince_ribbit1

Skill      XL: |  1  2  3  4  5  6  7 |
---------------+----------------------+-----
Ranged Weapons | 4 5 6 7 |  7.1
Fighting       | 3 4 |  4.3
Dodging        | 3 |  3.2
Armour         | |  0.3
Stealth        | |  1.5
Invocations    | |  0.5

Action                     |  1- 3 |  4- 6 |  7- 9 || total
---------------------------+-------+-------+-------++-------
   Fire: Shortbow          |    43 |    95 |    35 ||   173
 Invoke: Heroism           |       |       |     2 ||     2
Ability: Spit Poison       |    19 |    30 |    11 ||    60
    Use: Scroll            |     4 |     9 |     1 ||    14
         Potion            |       |     2 |     2 ||     4
 Armour: Leather armour    |     3 |    10 |    42 ||    55
  Dodge: Dodged            |     9 |    18 |    64 ||    91

Table legend:
 A = Non-vault XP
 B = Vault XP
 C = Vault XP percentage of total XP
 D = Non-vault monster count
 E = Vault monster count
 F = Vault count percentage of total count
                 A         B        C        D         E       F
            +---------+---------+-------+---------+---------+-------
      Total |     838 |     305 |  26.7 |      72 |       2 |   2.7
            +---------+---------+-------+---------+---------+-------
        D:1 |      50 |       0 |   0.0 |      20 |       0 |   0.0
        D:2 |      42 |       0 |   0.0 |      11 |       0 |   0.0
        D:3 |     102 |      37 |  26.6 |      16 |       1 |   5.9
        D:4 |     285 |       0 |   0.0 |      14 |       0 |   0.0
        D:5 |      72 |       0 |   0.0 |       3 |       0 |   0.0
        D:6 |     287 |     268 |  48.3 |       8 |       1 |  11.1
            +---------+---------+-------+---------+---------+-------
